 Dungeon Crawl Stone Soup version 0.22-a0-305-gd21a89c (webtiles) character file.

1352 xccam the Basher (level 8, -1/46 HPs)
             Began as a Gargoyle Monk on Mar 29, 2018.
             Killed by divine providence
             ... invoked by an orc priest
              (14 damage)
             ... on level 5 of the Dungeon.
             The game lasted 00:07:42 (2716 turns).

xccam the Basher (Gargoyle Monk)                    Turns: 2716, Time: 00:07:43

Health: -1/46      AC: 14    Str: 17    XL:     8   Next: 63%
Magic:  8/8        EV: 16    Int: 11    God:
Gold:   244        SH:  0    Dex: 12    Spells: 7/7 levels left

rFire    . . .     SeeInvis .   i - +0 flail
rCold    . . .     Gourm    .   (no shield)
rNeg     + . .     Faith    .   o - +2 robe {Archmagi}
rPois    ∞         Spirit   .   (no helmet)
rElec    +         Reflect  .   (no cloak)
rCorr    .         Harm     .   (no gloves)
MR       .....                  (no boots)
Stlth    ++........             f - amulet of regeneration
HPRegen  0.55/turn              k - +3 ring of protection
MPRegen  0.11/turn              u - +3 ring of evasion

@: no status effects
A: iridescent scales 1, negative energy resistance 1, electricity resistance,
unbreathing, petrification resistance, rot immunity, subdued magic 1, AC +5
a: no special abilities


You were on level 5 of the Dungeon.
You were not hungry.

You visited 1 branch of the dungeon, and saw 5 of its levels.

You collected 244 gold pieces.

Inventory:

Hand Weapons
 i - a +0 flail (weapon)
Armour
 o - a +2 robe of the Archmagi (worn)
Jewellery
 f - an amulet of regeneration (around neck)
 k - a +3 ring of protection (left hand)
 u - a +3 ring of evasion (right hand)
 w - an uncursed ring of protection from cold
Wands
 m - a wand of random effects (16)
 y - a wand of flame (33)
Scrolls
 a - 3 scrolls of remove curse {unknown}
 b - a scroll of magic mapping {unknown}
 d - 4 scrolls of enchant armour {unknown}
 h - a scroll of identify
 j - 4 scrolls of teleportation
 l - 3 scrolls of enchant weapon {unknown}
 p - 3 scrolls of fear
 r - a scroll of amnesia {unknown}
 t - a scroll of blinking {unknown}
 v - a scroll of immolation {unknown}
 A - a scroll of fog {unknown}
Potions
 e - a potion of mutation
 g - 2 potions of curing
 n - 2 potions of resistance
 q - 2 potions of magic
 s - a potion of lignification
 x - a potion of brilliance
 z - a potion of cancellation
 C - a potion of berserk rage {unknown}
Comestibles
 c - 11 rations


   Skills:
 - Level 3.2 Fighting
 + Level 9.3 Maces & Flails
 + Level 3.8 Armour
 + Level 3.9 Dodging
 - Level 2.1 Stealth


You had 7 spell levels left.
You didn't know any spells.

Dungeon Overview and Level Annotations

Branches:
Dungeon (5/15)
 Temple: D:4-7

Altars:
Ashenzari
Gozag
Uskayaw
Wu Jian

Annotations:
D:5 Dowan, Duvessa


Innate Abilities, Weirdness & Mutations

You are resistant to torment.
Your stone body is resilient. (AC +5)
You are immune to poison.
You resist negative energy. (rN+)
You are resistant to electric shocks. (rElec)
You can survive without breathing.
You are immune to petrification.
You are immune to rotting.
You are partially covered in iridescent scales. (AC +2)
Your spells are a little easier to cast, but a little less powerful.


Message History

The orc completely misses you.
You hit the orc.
The orc is lightly wounded.
Something hits you but does no damage. The orc misses you.
You hit the orc but do no damage.
The orc is lightly wounded.
Something hits you. The orc closely misses you.
You barely miss the orc.
The orc is lightly wounded.
The orc priest calls down the wrath of Beogh upon you.
Beogh smites you!
* * * LOW HITPOINT WARNING * * *
Something barely misses you.
You barely miss something. The orc hits you but does no damage.
Something hits you but does no damage.
You hit something. Something closely misses you. The orc misses you.
You miss something.
The orc priest invokes the aid of Beogh against you.
Beogh smites you!
You die...

#...# #..)()).##.......#
#...######.#.###.##.......#
....†...##.#(## .##.......#
..............# .#[.......#
........##.#..##.#........#
#...######.......#........#
#...# ###[.####........# .....#
###.......######## #....#
#.....{@###
##.#.#####.##.##o###### #####
#..........##...oo..o.###.....#
...#.##.#..#####.#..o.....#
#..#.##.#..#####.#.#####†.#
.................#.# ..#
.....#.......#####.# ....
#..###..#.#..# #.# ..###
........#.#..# #.# ...


You could see an orc priest and 2 orcs.

Vanquished Creatures
  The ghost of Demitroll the Ruffian, a novice DrTm of Cheibriados (D:5)
  The ghost of Arum the Chopper, an amateur DsGl (D:4)
  Sigmund (D:2)
  2 ice beasts (D:5)
  A sky beast (D:5)
  An ogre (D:4)
  A scorpion (D:5)
  A crimson imp (D:5)
  A centaur skeleton (D:4)
  2 orc wizards (D:5)
  Jessica (D:2)
  4 gnolls (D:3)
  7 adders
  2 adder skeletons (D:4)
  2 worms (D:4)
  A dart slug (D:5)
  3 leopard geckos
  8 orcs
  2 ball pythons
  6 bats
  2 giant cockroaches (D:3)
  2 hobgoblins
  3 kobolds
  2 frilled lizards
  A giant cockroach zombie (D:5)
  3 goblins
  5 rats
66 creatures vanquished.

Vanquished Creatures (others)
  3 jackals (D:2)
3 creatures vanquished.

Grand Total: 69 creatures vanquished

Notes
Turn   | Place    | Note
-------+----------+-------------------------------------------
     0 | D:1      | xccam the Gargoyle Monk began the quest for the Orb.
     0 | D:1      | Reached XP level 1. HP: 14/14 MP: 1/1
   376 | D:2      | Reached XP level 2. HP: 19/19 MP: 2/2
   409 | D:2      | Reached skill level 4 in Maces & Flails
   409 | D:2      | Reached XP level 3. HP: 23/23 MP: 3/3
   431 | D:2      | Found a shattered altar of Ashenzari.
   557 | D:2      | Noticed Jessica
   573 | D:2      | Killed Jessica
   628 | D:2      | Reached XP level 4. HP: 23/28 MP: 4/4
   653 | D:2      | Noticed Sigmund
   673 | D:2      | Killed Sigmund
   673 | D:2      | Reached skill level 6 in Maces & Flails
   673 | D:2      | Reached XP level 5. HP: 3/32 MP: 5/5
   981 | D:3      | Reached XP level 6. HP: 32/37 MP: 6/6
  1367 | D:4      | Reached skill level 7 in Maces & Flails
  1470 | D:4      | Found an opulent altar of Gozag.
  1604 | D:4      | Noticed Arum's ghost (amateur DsGl)
  1608 | D:4      | Gained mutation: Your spells are a little easier to cast, but a little less powerful. [potion of mutation]
  1608 | D:4      | Gained mutation: You are partially covered in iridescent scales. (AC +2) [potion of mutation]
  1783 | D:4      | Killed Arum's ghost
  1783 | D:4      | Reached skill level 8 in Maces & Flails
  1783 | D:4      | Reached XP level 7. HP: 28/41 MP: 7/7
  1849 | D:4      | Found an ornate altar of the Wu Jian Council.
  2114 | D:5      | Entered Level 5 of the Dungeon
  2188 | D:5      | Noticed Demitroll's ghost (novice DrTm)
  2267 | D:5      | Noticed Duvessa
  2267 | D:5      | Noticed Dowan
  2306 | D:5      | Reached skill level 1 in Armour
  2307 | D:5      | Found a hide-covered altar of Uskayaw.
  2357 | D:5      | Reached XP level 8. HP: 33/46 MP: 8/8
  2485 | D:5      | Killed Demitroll's ghost
  2485 | D:5      | Reached skill level 9 in Maces & Flails
  2716 | D:5      | Killed from afar by an orc priest

Vault maps used:
D:1:      dpeg_arrival_shelter
D:2:      ashenzari_altar_1, minmay_stone_trees_small, lemuel_old_faithful,
          uniq_sigmund, uniq_jessica
D:3:      first_ration
D:4:      old_standard_altar, grunt_gozag_statues
D:5:      eat_drink_and_be_merry_uskayaw, serial_shops,
          nicolae_shop_statue_plus, uniq_duvessa

Skill      XL: |  1  2  3  4  5  6  7  8 |
---------------+-------------------------+-----
Maces & Flails | 4 6 8 9 |  9.3
Armour         | 2 3 |  3.8
Dodging        | 3 |  3.9
Fighting       | |  3.2
Stealth        | |  2.1

Action                   |  1- 3 |  4- 6 |  7- 9 || total
-------------------------+-------+-------+-------++-------
Melee: Mace              |    71 |    34 |       ||   105
       Flail             |       |   170 |   203 ||   373
  Use: Potion            |       |     5 |     1 ||     6
       Scroll            |       |     4 |     3 ||     7
 Stab: Sleeping          |     2 |     1 |     1 ||     4
  Eat: Chunk             |       |     2 |     1 ||     3
       Ration            |       |     1 |       ||     1
Armor: Robe              |    34 |    67 |    87 ||   188
       Skin              |       |    15 |       ||    15
Dodge: Dodged            |    66 |   107 |   122 ||   295

Table legend:
 A = Spawn XP
 B = Non-spawn XP
 C = Spawn XP percentage of total XP
 D = Spawn monster count
 E = Non-spawn monster count
 F = Spawn count percentage of total count
 G = Total turns spent on level
                    A         B        C        D         E        F      G
               +---------+---------+-------+---------+---------+-------+---------
         Total |       0 |    1932 |   0.0 |       0 |      66 |   0.0 |  2716
               +---------+---------+-------+---------+---------+-------+---------
           D:1 |       0 |       9 |   0.0 |       0 |       6 |   0.0 |   373
           D:2 |       0 |     295 |   0.0 |       0 |      12 |   0.0 |   447
           D:3 |       0 |     114 |   0.0 |       0 |      22 |   0.0 |   629
           D:4 |       0 |     502 |   0.0 |       0 |      10 |   0.0 |   720
           D:5 |       0 |    1012 |   0.0 |       0 |      16 |   0.0 |   547
               +---------+---------+-------+---------+---------+-------+---------
